 Dungeon Crawl Stone Soup version 0.17.0-25-gefc9c12 (webtiles) character file.

43 fletchbren the Grasshopper (level 3, 0/27 HPs)
             Began as a Human Warper on Nov 19, 2015.
             Succumbed to an adder's poison
             ... on level 2 of the Dungeon.
             The game lasted 00:04:50 (1653 turns).

fletchbren the Grasshopper (Human Warper)           Turns: 1653, Time: 00:04:50

Health: 0/27       AC:  3    Str: 11    XL:     3   Next: 82%
Magic:  1/6        EV: 12    Int: 13    God:
Gold:   95         SH:  0    Dex: 13    Spells: 2 memorised, 3 levels left

rFire  . . .     SeeInvis .     a - +0 short sword
rCold  . . .     Clarity  .     b - +0 leather armour
rNeg   . . .     SustAt   .     (no shield)
rPois  .         Gourm    .     (no helmet)
rElec  .         Spirit   .     (no cloak)
rCorr  .         Warding  .     (no gloves)
rMut   .         Stasis   .     (no boots)
MR     .....                    (no amulet)
Stlth  +.........               (no ring)
                                (no ring)

@: lethally poisoned (0 -> -6), shrouded, very slightly contaminated, not
resistant to hostile enchantments, very unstealthy
A: no striking features
a: no special abilities


You were on level 2 of the Dungeon.
You were not hungry.

You visited 1 branch of the dungeon, and saw 2 of its levels.

You collected 95 gold pieces.

Inventory:

Hand Weapons
 a - a +0 short sword (weapon)
Missiles
 e - 5 tomahawks of dispersal (quivered)
Armour
 b - a +0 leather armour (worn)
Jewellery
 o - an uncursed ring of sustain attributes {unknown}
 r - an uncursed ring of wizardry {unknown}
Scrolls
 d - a scroll of blinking
 g - a scroll of random uselessness {unknown}
 i - 2 scrolls of identify {unknown}
 k - 2 scrolls of teleportation {unknown}
 m - a scroll of recharging {unknown}
 s - a scroll of remove curse {unknown}
Potions
 h - 4 potions of curing
 j - a potion of degeneration {unknown}
Books
 c - a book of Spatial Translocations

   Spells                             Type                      Level
   a - Apportation                    Translocation                1
   b - Blink                          Translocation                2
   c - Shroud of Golubria             Charms/Translocation         2
   d - Portal Projectile              Translocation                3
   e - Teleport Other                 Translocation                3
   f - Passage of Golubria            Translocation                4
Comestibles
 f - a bread ration
 l - a beef jerky
 p - 4 fruits
 q - a slice of pizza


   Skills:
 * Level 2.2 Fighting
 * Level 2.1 Short Blades
 - Level 1.0 Throwing
 - Level 1.0 Armour
 * Level 2.9 Dodging
 * Level 0.7 Stealth
 * Level 2.0 Spellcasting
 + Level 3.4 Translocations


You had 3 spell levels left.
You knew the following spells:

 Your Spells              Type           Power        Failure   Level  Hunger
a - Apportation           Tloc           ##........   12%         1    ##.....
b - Shroud of Golubria    Chrm/Tloc      #.........   28%         2    ###....


Dungeon Overview and Level Annotations

Branches:
Dungeon (2/15)

Altars:


Message History

The jackal bites you.
* * * LOW HITPOINT WARNING * * *
You hit the jackal.
You kill the jackal!
* * * LOW HITPOINT WARNING * * *
You feel sick.
The jackal bites you but does no damage.
You closely miss the jackal.
Your shroud bends the jackal's attack away.
You barely miss the jackal.
* * * LOW HITPOINT WARNING * * *
You feel sick.
The jackal bites you but does no damage.
The jackal closely misses you.
You hit the jackal.
The jackal is severely wounded.
The jackal misses you.
You closely miss the jackal.
The jackal is severely wounded.
You die...

#### #.......####
##...
#...........##..##
#...... #......#
..... ###.##.. ...
#####.####
#.#####.....# #
###†##....########
#@h....######.....
############..####
#....##.....#####
##.......######...
#......### #.##
#......# ####.#
#......# ##....##
##....## #..#....
#....#####.#.....


You could see a jackal.

Vanquished Creatures
  An adder (D:2)
  A giant gecko (D:1)
  3 giant cockroaches
  2 goblins
  3 hobgoblins
  3 jackals (D:2)
  5 kobolds
  6 bats
  A giant newt (D:2)
  5 rats
30 creatures vanquished.

Notes
Turn   | Place    | Note
--------------------------------------------------------------
     0 | D:1      | fletchbren the Human Warper began the quest for the Orb.
     0 | D:1      | Reached XP level 1. HP: 16/16 MP: 3/3
     3 | D:1      | Noticed a gargoyle
     5 | D:1      | Noticed an octopode
     5 | D:1      | Noticed a troll
     7 | D:1      | Noticed a formicid
     7 | D:1      | Noticed a minotaur
     9 | D:1      | Noticed an elf
     9 | D:1      | Noticed a dwarf
    11 | D:1      | Noticed an ogre
    11 | D:1      | Noticed a vine stalker
    13 | D:1      | Noticed a ghoul
    13 | D:1      | Noticed a spriggan
    15 | D:1      | Noticed a centaur
    15 | D:1      | Noticed a demigod
    17 | D:1      | Noticed a tengu
    19 | D:1      | Noticed a felid
    19 | D:1      | Noticed a human
    21 | D:1      | Noticed a naga
    21 | D:1      | Noticed a merfolk
    23 | D:1      | Noticed a demonspawn
    25 | D:1      | Noticed a vampire
    27 | D:1      | Noticed a draconian
   376 | D:1      | Reached XP level 2. HP: 22/22 MP: 5/5
   380 | D:1      | Learned a level 2 spell: Shroud of Golubria
  1354 | D:2      | Reached XP level 3. HP: 22/27 MP: 3/6
  1392 | D:2      | Found a faded altar to an unknown god.
  1649 | D:2      | HP: 1/27 [poisoned by an adder]
  1653 | D:2      | Succumbed to an adder's poison

Action                   || total
-------------------------++-------
Melee: Short sword       ||   165
 Cast: Shroud of Golubri ||     8
  Use: Potion            ||     1
 Stab: Sleeping          ||     1
  Eat: Chunk             ||     3
